Kraken vs Sharks
Created - February 11, 2025 at 20:27
Goals
|
| Kraken |
1 |
1 |
0 |
2 |
| Sharks |
1 |
3 |
2 |
6 |
|
Shots
|
| Kraken |
7 |
15 |
17 |
39 |
| Sharks |
8 |
9 |
15 |
32 |
|
1st period
1. Kraken , Kyle Rau 2 (Jalen Chatfield 4, Gabriel Bourque 2) at 10:35
2. Sharks , Ronalds Kenins 14 (Michael Kostka 10, Boone Jenner 18) at 14:15
Penalties :
Tyler Myers (S.J) for Interference (Minor) at 1:21, Tyler Bertuzzi (Sea) for High sticking (Minor) at 7:51, Andreas Martinsen (S.J) for Holding (Minor) at 11:33, Tyler Bertuzzi (Sea) for Hooking (Minor) at 16:14
2nd period
3. Sharks , Boone Jenner 13 (Ronalds Kenins 19, Conor Sheary 22) at 4:54
4. Kraken , Zach Bogosian 7 (Marcus Johansson 23) at 5:18 (PP)
5. Sharks , Conor Sheary 16 (Boone Jenner 19, Ronalds Kenins 20) at 9:56 (PP)
6. Sharks , Devin Shore 5 (Ben Smith 8, Markus Nutivaara 11) at 13:42
Penalties :
Gabriel Bourque (Sea) for Hooking (Minor) at 1:32, Philipp Grubauer (S.J) for Delaying the game (Minor) at 5:08 - Conor Sheary served the penalty, Conor Sheary (S.J) for Cross-checking (Minor) at 5:21, Gabriel Bourque (Sea) for Slashing (Minor) at 9:47, Mike Lundin (S.J) for High sticking (Minor) at 15:17
3rd period
7. Sharks , Boone Jenner 14 (Conor Sheary 23) at 8:00
8. Sharks , Devin Shore 6 (Tyler Myers 8, Andreas Martinsen 8) at 11:51
Penalties :
Jamie Oleksiak (Sea) for Slashing (Minor) at 16:48, Andreas Martinsen (S.J) for Interference (Minor) at 19:17
Goalie Stats
Ebbe Siönäs (Sea), 7 saves from 8 shots - (0.875), 12:00 minutes
Laurent Brossoit (Sea), 19 saves from 24 shots - (0.792), L, 16-19-2, 48:00 minutes
Philipp Grubauer (S.J), 37 saves from 39 shots - (0.949), W, 22-15-4, 60:00 minutes
Players Stats for Kraken
Player Name G A P +/- PIM S H SB GA TA FO MP PP MP PK MP
------------------------------------------------------------------------------------
Alex Tuch 0 0 0 0 0 2 0 0 0 1 1/3 14:49 2:46 0:00
Andrei Loktionov 0 0 0 0 0 3 1 1 2 0 2/4 14:49 2:46 0:00
Brendan Gallagher 0 0 0 -2 0 3 2 0 1 0 1/2 23:19 5:51 4:22
Erik Gudbranson 0 0 0 -3 0 7 0 1 1 0 0/0 28:34 5:52 4:42
Gabriel Bourque 0 1 1 1 4 2 3 1 0 0 0/0 8:22 0:00 0:23
Gustav Nyquist 0 0 0 1 0 0 0 0 0 0 0/0 7:18 0:00 0:00
Jalen Chatfield 0 1 1 -1 0 1 0 0 0 0 0/0 12:14 0:00 0:00
Jamie Oleksiak 0 0 0 -1 2 1 1 0 1 0 0/0 12:13 0:00 0:00
JT Compher 0 0 0 -3 0 1 1 0 0 0 0/0 10:38 0:03 0:03
Kyle Rau 1 0 1 1 0 3 1 0 1 0 4/7 7:18 0:00 0:00
Logan Couture 0 0 0 -3 0 0 0 0 0 0 4/10 14:36 0:11 4:22
Marcus Johansson 0 1 1 -2 0 2 1 1 0 0 0/0 22:18 5:59 3:17
Nikita Zaitsev 0 0 0 0 0 1 3 0 0 2 0/0 19:12 2:56 3:23
Olli Maatta 0 0 0 0 0 1 1 1 1 0 0/0 19:12 2:56 3:23
Ryan Nugent-Hopkins 0 0 0 -2 0 4 1 0 0 0 16/38 22:24 6:02 3:17
Tyler Bertuzzi 0 0 0 0 4 3 3 0 1 0 0/0 14:59 2:46 0:00
Zach Bogosian 1 0 1 -3 0 5 0 3 0 1 0/0 28:34 5:52 4:42
Zach Hyman 0 0 0 -3 0 0 0 0 1 0 0/0 11:01 0:00 0:26
Players Stats for Sharks
Player Name G A P +/- PIM S H SB GA TA FO MP PP MP PK MP
------------------------------------------------------------------------------------
Andreas Martinsen 0 1 1 1 4 1 2 1 1 0 0/0 12:19 0:04 0:45
Beau Bennett 0 0 0 1 0 2 2 0 0 0 0/0 11:27 0:04 0:00
Ben Smith 0 1 1 0 0 0 1 1 0 1 0/1 14:22 3:36 0:00
Boone Jenner 2 2 4 3 0 5 3 1 0 1 19/34 22:50 4:25 4:02
Brandon Carlo 0 0 0 0 0 5 0 1 0 3 0/0 29:46 5:01 5:13
Connor Murphy 0 0 0 0 0 0 0 1 0 0 0/0 10:51 0:00 0:21
Conor Sheary 1 2 3 3 2 4 0 0 2 1 1/1 18:22 4:25 0:00
Devin Shore 2 0 2 1 0 3 0 1 0 1 4/4 12:06 0:04 0:18
Greg Stewart 0 0 0 0 0 3 2 0 0 0 0/1 18:50 3:36 4:28
Jeremy Morin 0 0 0 0 0 1 0 0 0 0 0/0 6:38 0:00 0:24
Markus Nutivaara 0 1 1 0 0 0 0 0 0 0 0/0 11:21 0:00 1:03
Max Domi 0 0 0 0 0 1 2 0 0 0 11/20 18:50 3:36 4:28
Michael Kostka 0 1 1 4 0 0 2 2 0 0 0/0 24:40 5:01 5:43
Mike Lundin 0 0 0 0 2 0 1 0 0 0 0/0 23:35 3:04 3:05
Oscar Sundqvist 0 0 0 0 0 1 1 0 0 0 0/2 6:14 0:00 0:00
Ronalds Kenins 1 2 3 3 0 5 2 1 0 0 1/1 22:17 4:25 3:11
Tyler Myers 0 1 1 4 2 1 0 2 1 2 0/0 20:25 3:04 2:11
Vince Hinostroza 0 0 0 0 0 0 1 0 0 0 0/0 6:14 0:00 0:00
3 Stars
1 - Boone Jenner (S.J)
2 - Ronalds Kenins (S.J)
3 - Conor Sheary (S.J)
Power Play
Kraken - 1 on 6 Attempt(s) - 16.67%
Sharks - 1 on 5 Attempt(s) - 20.00%
Penalty Kill
Kraken - 4 on 5 Attempt(s) - 80.00%
- Score 0 goal in Penalty Kill
Sharks - 5 on 6 Attempt(s) - 83.33%
- Score 0 goal in Penalty Kill
Team Stat
Kraken - Hits : 18 - Faceoff Wins : 28 - Blocked Shots : 8 - Penalty Minutes : 10
Sharks - Hits : 19 - Faceoff Wins : 36 - Blocked Shots : 11 - Penalty Minutes : 12
Official
Referees : Reid Anderson and Kevin Pollock
Linesman : Bevan Mills and Jesse Marquis
Game Notes
Ebbe Siönäs enters game at 8:00 of 3rd period
Finance
Level 1 -- Attendance: 6000 (100.00%) -- Ticket Income $600,000
Level 2 -- Attendance: 4750 (95.00%) -- Ticket Income $332,500
Level 3 -- Attendance: 2000 (100.00%) -- Ticket Income $80,000
Level 4 -- Attendance: 3797 (94.93%) -- Ticket Income $113,910
Luxury Box -- Attendance: 1000 (100.00%) -- Ticket Income $200,000
Game was played at the SAP Center.
Total Attendance: 17547 (97.48%)
Total Ticket Income: $1,326,410
Other Income: $198,962
Total Income: $1,525,372
Kraken
5 vs 5 Forward
Center Left Wing Right Wing Time % Phy DF OF
1 Ryan Nugent-Hopkins Marcus Johansson Brendan Gallagher 40 0 2 3
2 Andrei Loktionov Tyler Bertuzzi Alex Tuch 30 0 2 3
3 Logan Couture JT Compher Zach Hyman 25 0 2 3
4 Kyle Rau Gabriel Bourque Gustav Nyquist 5 1 2 2
5 vs 5 Defense
Defense Defense Time % Phy DF OF
1 Erik Gudbranson Zach Bogosian 40 0 3 2
2 Olli Maatta Nikita Zaitsev 30 0 3 2
3 Jamie Oleksiak Jalen Chatfield 29 0 3 2
4 Jamie Oleksiak Jalen Chatfield 1 0 3 2
PowerPlay Forward
Center Left Wing Right Wing Time % Phy DF OF
1 Ryan Nugent-Hopkins Marcus Johansson Brendan Gallagher 60 0 1 4
2 Andrei Loktionov Tyler Bertuzzi Alex Tuch 40 0 1 4
PowerPlay Defense
Defense Defense Time % Phy DF OF
1 Erik Gudbranson Zach Bogosian 60 0 1 4
2 Olli Maatta Nikita Zaitsev 40 0 1 4
Penalty Kill 4 Players Forward
Center Wing Time % Phy DF OF
1 Logan Couture Brendan Gallagher 55 1 3 1
2 Ryan Nugent-Hopkins Marcus Johansson 45 1 3 1
Penalty Kill 4 Players Defense
Defense Defense Time % Phy DF OF
1 Erik Gudbranson Zach Bogosian 55 1 3 1
2 Olli Maatta Nikita Zaitsev 45 1 3 1
Penalty Kill - 3 Players Forward
Forward Time % Phy DF OF
1 Ryan Nugent-Hopkins 50 1 3 1
2 Andrei Loktionov 50 1 3 1
Penalty Kill - 3 Players Defense
Defense Defense Time % Phy DF OF
1 Olli Maatta Nikita Zaitsev 50 1 3 1
2 Erik Gudbranson Zach Bogosian 50 1 3 1
4 vs 4 Forward
Center Wing Time % Phy DF OF
1 Logan Couture Zach Hyman 50 1 2 2
2 Andrei Loktionov JT Compher 50 1 2 2
4 vs 4 Defense
Defense Defense Time % Phy DF OF
1 Olli Maatta Nikita Zaitsev 50 1 2 2
2 Jalen Chatfield Jamie Oleksiak 50 1 2 2
Last Minutes Offensive
Center Left Wing Right Wing Defense Defense
Ryan Nugent-Hopkins Marcus Johansson Brendan Gallagher Erik Gudbranson Zach Bogosian
Last Minutes Defensive
Center Left Wing Right Wing Defense Defense
Logan Couture Tyler Bertuzzi Gabriel Bourque Olli Maatta Nikita Zaitsev
Goaltenders
Starting : Laurent Brossoit
Backup : Ebbe Siönäs
Extra Forwards
Normal : Logan Couture, Zach Hyman, Gustav Nyquist - PP : Logan Couture, JT Compher - PK : Zach Hyman
Extra Defensemen
Normal : Olli Maatta, Jalen Chatfield, Nikita Zaitsev - PP : Jamie Oleksiak - PK : Jalen Chatfield, Olli Maatta
Penalty Shots
Ryan Nugent-Hopkins, Brendan Gallagher, Andrei Loktionov, Marcus Johansson, Logan Couture
Custom OT Lines Forwards
Ryan Nugent-Hopkins, Brendan Gallagher, Andrei Loktionov, Marcus Johansson, Logan Couture, Tyler Bertuzzi, Alex Tuch, Zach Hyman, JT Compher, Gabriel Bourque
Custom OT Lines Defensemen
Erik Gudbranson, Zach Bogosian, Olli Maatta, Nikita Zaitsev, Jamie Oleksiak
Scratches
Victor Olofsson (Healthy)
Sharks
5 vs 5 Forward
Center Left Wing Right Wing Time % Phy DF OF
1 Boone Jenner Ronalds Kenins Conor Sheary 40 1 2 2
2 Max Domi Greg Stewart Ben Smith 30 1 2 2
3 Devin Shore Andreas Martinsen Beau Bennett 20 1 2 2
4 Oscar Sundqvist Jeremy Morin Vince Hinostroza 10 1 2 2
5 vs 5 Defense
Defense Defense Time % Phy DF OF
1 Brandon Carlo Mike Lundin 40 1 2 2
2 Michael Kostka Tyler Myers 30 1 2 2
3 Markus Nutivaara Connor Murphy 20 1 2 2
4 Brandon Carlo Tyler Myers 10 1 2 2
PowerPlay Forward
Center Left Wing Right Wing Time % Phy DF OF
1 Boone Jenner Ronalds Kenins Conor Sheary 60 1 1 3
2 Max Domi Greg Stewart Ben Smith 40 1 1 3
PowerPlay Defense
Defense Defense Time % Phy DF OF
1 Brandon Carlo Michael Kostka 60 1 2 2
2 Mike Lundin Tyler Myers 40 1 2 2
Penalty Kill 4 Players Forward
Center Wing Time % Phy DF OF
1 Max Domi Greg Stewart 60 1 4 0
2 Boone Jenner Ronalds Kenins 40 1 4 0
Penalty Kill 4 Players Defense
Defense Defense Time % Phy DF OF
1 Brandon Carlo Michael Kostka 60 1 4 0
2 Mike Lundin Tyler Myers 40 1 4 0
Penalty Kill - 3 Players Forward
Forward Time % Phy DF OF
1 Max Domi 60 1 4 0
2 Boone Jenner 40 1 4 0
Penalty Kill - 3 Players Defense
Defense Defense Time % Phy DF OF
1 Brandon Carlo Michael Kostka 60 1 4 0
2 Mike Lundin Tyler Myers 40 1 4 0
4 vs 4 Forward
Center Wing Time % Phy DF OF
1 Max Domi Greg Stewart 60 1 2 2
2 Boone Jenner Ronalds Kenins 40 1 2 2
4 vs 4 Defense
Defense Defense Time % Phy DF OF
1 Brandon Carlo Michael Kostka 60 1 2 2
2 Mike Lundin Tyler Myers 40 1 2 2
Last Minutes Offensive
Center Left Wing Right Wing Defense Defense
Max Domi Greg Stewart Ben Smith Brandon Carlo Michael Kostka
Last Minutes Defensive
Center Left Wing Right Wing Defense Defense
Max Domi Greg Stewart Ben Smith Brandon Carlo Michael Kostka
Goaltenders
Starting : Philipp Grubauer
Backup : Malcolm Subban
Extra Forwards
Normal : Boone Jenner, Devin Shore, Ronalds Kenins - PP : Boone Jenner, Devin Shore - PK : Boone Jenner
Extra Defensemen
Normal : Tyler Myers, Markus Nutivaara, Connor Murphy - PP : Tyler Myers - PK : Tyler Myers, Markus Nutivaara
Penalty Shots
Ben Smith, Max Domi, Conor Sheary, Greg Stewart, Boone Jenner
Custom OT Lines Forwards
Ben Smith, Max Domi, Conor Sheary, Greg Stewart, Boone Jenner, Devin Shore, Ronalds Kenins, Oscar Sundqvist, Beau Bennett, Andreas Martinsen
Custom OT Lines Defensemen
Brandon Carlo, Michael Kostka, Mike Lundin, Tyler Myers, Markus Nutivaara
Scratches
Andrew Cogliano (Healthy), Brendan Gaunce (Healthy), MacKenzie Weegar (Healthy)
% Time on Ice - Kraken
Lines # - Real PCT - Wanted PCT - Time Play
Normal Forward
1 - 32% - 40% - 13:54
2 - 28% - 30% - 12:03
3 - 23% - 25% - 9:52
4 - 17% - 5% - 7:18
Normal Defense
1 - 42% - 40% - 18:00
2 - 30% - 30% - 12:53
3 - 28% - 29% - 12:14
4 - 0% - 1% - 0:00
PP Forward
1 - 69% - 60% - 6:02
2 - 31% - 40% - 2:46
PP Defense
1 - 67% - 60% - 5:52
2 - 33% - 40% - 2:56
PK Forward
1 - 59% - 55% - 4:48
2 - 41% - 45% - 3:17
PK Defense
1 - 58% - 55% - 4:42
2 - 42% - 45% - 3:23
PK3 Forward
1 - 0% - 50%
2 - 0% - 50%
PK3 Defense
1 - 0% - 50%
2 - 0% - 50%
44 Forward
1 - 0% - 50%
2 - 0% - 50%
44 Defense
1 - 0% - 50%
2 - 0% - 50%
Last Minute Offensive - 0:00
Last Minute Defensive - 0:00
Total
Forward - 60:00
Defense - 60:00
|
% Time on Ice - Sharks
Lines # - Real PCT - Wanted PCT - Time Play
Normal Forward
1 - 33% - 40% - 14:14
2 - 27% - 30% - 11:32
3 - 26% - 20% - 11:07
4 - 14% - 10% - 6:14
Normal Defense
1 - 42% - 40% - 18:17
2 - 29% - 30% - 12:38
3 - 24% - 20% - 10:18
4 - 4% - 10% - 1:54
PP Forward
1 - 55% - 60% - 4:29
2 - 45% - 40% - 3:36
PP Defense
1 - 62% - 60% - 5:01
2 - 38% - 40% - 3:04
PK Forward
1 - 64% - 60% - 5:37
2 - 36% - 40% - 3:11
PK Defense
1 - 65% - 60% - 5:43
2 - 35% - 40% - 3:05
PK3 Forward
1 - 0% - 60%
2 - 0% - 40%
PK3 Defense
1 - 0% - 60%
2 - 0% - 40%
44 Forward
1 - 0% - 60%
2 - 0% - 40%
44 Defense
1 - 0% - 60%
2 - 0% - 40%
Last Minute Offensive - 0:00
Last Minute Defensive - 0:00
Total
Forward - 60:00
Defense - 60:00
|
Play-by-Play
1st period
0:01 of 1st period - Boone Jenner wins face-off versus Ryan Nugent-Hopkins in neutral zone.
0:12 of 1st period - Snap shot by Ronalds Kenins.
0:12 of 1st period - Shot Misses the Net.
0:32 of 1st period - Snap shot by Andrei Loktionov.
0:32 of 1st period - Shot Misses the Net.
1:05 of 1st period - Olli Maatta is hit by Andreas Martinsen and loses puck.
1:21 of 1st period - Minor Penalty to Tyler Myers for Interference.
1:22 of 1st period - Max Domi wins face-off versus Ryan Nugent-Hopkins in Sharks zone.
1:48 of 1st period - Erik Gudbranson is hit by Boone Jenner.
3:21 of 1st period - Penalty to Tyler Myers is over, Tyler Myers is back on ice.
3:30 of 1st period - Wrist shot by Tyler Myers.
3:30 of 1st period - Deflect By Ronalds Kenins.
3:30 of 1st period - Stopped by Laurent Brossoit with a rebound.
3:32 of 1st period - Slapshot by Ronalds Kenins.
3:32 of 1st period - Stopped by Laurent Brossoit without a rebound.
3:33 of 1st period - Devin Shore wins face-off versus Kyle Rau in Kraken zone.
3:34 of 1st period - Slapshot by Beau Bennett.
3:34 of 1st period - Stopped by Laurent Brossoit with a rebound.
4:05 of 1st period - Off-side.
4:06 of 1st period - Ryan Nugent-Hopkins wins face-off versus Boone Jenner in neutral zone.
4:35 of 1st period - Wrist shot by Max Domi.
4:35 of 1st period - Shot Misses the Net.
4:39 of 1st period - Wrist shot by Max Domi.
4:39 of 1st period - Shot Blocked by Zach Bogosian.
5:22 of 1st period - Snap shot by Ryan Nugent-Hopkins.
5:22 of 1st period - Shot Blocked by Tyler Myers.
5:24 of 1st period - Wrist shot by Ryan Nugent-Hopkins.
5:24 of 1st period - Stopped by Philipp Grubauer with a rebound.
5:26 of 1st period - Slapshot by Marcus Johansson.
5:26 of 1st period - Shot Misses the Net.
5:40 of 1st period - Snap shot by Olli Maatta.
5:40 of 1st period - Stopped by Philipp Grubauer with a rebound.
5:46 of 1st period - Wrist shot by Gabriel Bourque.
5:46 of 1st period - Stopped by Philipp Grubauer with a rebound.
6:02 of 1st period - Nikita Zaitsev is hit by Michael Kostka and loses puck.
6:25 of 1st period - Jeremy Morin is hit by Andrei Loktionov and loses puck.
6:50 of 1st period - Wrist shot by Conor Sheary.
6:50 of 1st period - Stopped by Laurent Brossoit with a rebound.
7:04 of 1st period - Icing by Max Domi.
7:05 of 1st period - Kyle Rau wins face-off versus Max Domi in Sharks zone.
7:10 of 1st period - Wrist shot by Erik Gudbranson.
7:10 of 1st period - Shot Misses the Net.
7:15 of 1st period - Off-side.
7:16 of 1st period - Boone Jenner wins face-off versus Ryan Nugent-Hopkins in neutral zone.
7:27 of 1st period - Brandon Carlo is hit by Brendan Gallagher.
7:38 of 1st period - Icing by Ronalds Kenins.
7:39 of 1st period - Boone Jenner wins face-off versus Andrei Loktionov in Sharks zone.
7:51 of 1st period - Minor Penalty to Tyler Bertuzzi for High sticking.
7:52 of 1st period - Logan Couture wins face-off versus Boone Jenner in Kraken zone.
8:01 of 1st period - Zach Bogosian is hit by Ronalds Kenins.
8:05 of 1st period - Brendan Gallagher is hit by Boone Jenner and loses puck.
8:18 of 1st period - Logan Couture is hit by Ben Smith and loses puck.
8:23 of 1st period - Snap shot by Max Domi.
8:23 of 1st period - Shot Misses the Net.
8:25 of 1st period - Snap shot by Greg Stewart.
8:25 of 1st period - Stopped by Laurent Brossoit without a rebound.
8:26 of 1st period - Ryan Nugent-Hopkins wins face-off versus Boone Jenner in Kraken zone.
8:52 of 1st period - Greg Stewart is hit by Nikita Zaitsev and loses puck.
9:51 of 1st period - Penalty to Tyler Bertuzzi is over, Tyler Bertuzzi is back on ice.
9:51 of 1st period - Brendan Gallagher is hit by Max Domi and loses puck.
10:02 of 1st period - Nikita Zaitsev is hit by Andreas Martinsen and loses puck.
10:19 of 1st period - Olli Maatta is hit by Beau Bennett.
10:31 of 1st period - Wrist shot by Kyle Rau.
10:31 of 1st period - Shot Blocked by Andreas Martinsen.
10:33 of 1st period - Slapshot by Jalen Chatfield.
10:33 of 1st period - Shot Misses the Net.
10:35 of 1st period - Slapshot by Kyle Rau.
10:35 of 1st period - Goal by Kyle Rau - Kraken : 1 - Sharks : 0.
10:36 of 1st period - Boone Jenner wins face-off versus Ryan Nugent-Hopkins in neutral zone.
10:49 of 1st period - Snap shot by Conor Sheary.
10:49 of 1st period - Stopped by Laurent Brossoit with a rebound.
11:15 of 1st period - Greg Stewart is hit by Tyler Bertuzzi and loses puck.
11:33 of 1st period - Minor Penalty to Andreas Martinsen for Holding.
11:34 of 1st period - Max Domi wins face-off versus Ryan Nugent-Hopkins in Sharks zone.
13:33 of 1st period - Penalty to Andreas Martinsen is over, Andreas Martinsen is back on ice.
14:06 of 1st period - Slapshot by Nikita Zaitsev.
14:06 of 1st period - Stopped by Philipp Grubauer without a rebound.
14:07 of 1st period - Boone Jenner wins face-off versus Logan Couture in Sharks zone.
14:07 of 1st period - Boone Jenner is hit by Jamie Oleksiak.
14:15 of 1st period - Snap shot by Ronalds Kenins.
14:15 of 1st period - Goal by Ronalds Kenins - Kraken : 1 - Sharks : 1.
14:16 of 1st period - Ryan Nugent-Hopkins wins face-off versus Boone Jenner in neutral zone.
14:23 of 1st period - Snap shot by Brendan Gallagher.
14:23 of 1st period - Shot Misses the Net.
14:25 of 1st period - Slapshot by Erik Gudbranson.
14:25 of 1st period - Deflect By Ronalds Kenins.
14:25 of 1st period - Stopped by Philipp Grubauer without a rebound.
14:26 of 1st period - Boone Jenner wins face-off versus Ryan Nugent-Hopkins in Sharks zone.
14:41 of 1st period - Snap shot by Ronalds Kenins.
14:41 of 1st period - Shot Misses the Net.
15:03 of 1st period - Snap shot by Boone Jenner.
15:03 of 1st period - Shot Misses the Net.
15:29 of 1st period - Icing by Ryan Nugent-Hopkins.
15:30 of 1st period - Ryan Nugent-Hopkins wins face-off versus Ben Smith in Kraken zone.
15:30 of 1st period - Ryan Nugent-Hopkins is hit by Michael Kostka.
15:36 of 1st period - Slapshot by Zach Bogosian.
15:36 of 1st period - Deflect By Ben Smith.
15:36 of 1st period - Stopped by Philipp Grubauer without a rebound.
15:37 of 1st period - Max Domi wins face-off versus Alex Tuch in Sharks zone.
16:12 of 1st period - Snap shot by Max Domi.
16:12 of 1st period - Shot Misses the Net.
16:14 of 1st period - Minor Penalty to Tyler Bertuzzi for Hooking.
16:15 of 1st period - Boone Jenner wins face-off versus Logan Couture in Kraken zone.
16:18 of 1st period - Slapshot by Boone Jenner.
16:18 of 1st period - Shot Blocked by Zach Bogosian.
18:14 of 1st period - Penalty to Tyler Bertuzzi is over, Tyler Bertuzzi is back on ice.
18:55 of 1st period - Snap shot by Oscar Sundqvist.
18:55 of 1st period - Stopped by Laurent Brossoit with a rebound.
19:07 of 1st period - Backhand shot by Jamie Oleksiak.
19:07 of 1st period - Shot Blocked by Connor Murphy.
19:57 of 1st period - Icing by Olli Maatta.
19:58 of 1st period - Logan Couture wins face-off versus Max Domi in Kraken zone.
Goals for this period are 1 for Kraken vs 1 for Sharks.
Shots for this period are 7 for Kraken vs 8 for Sharks.
2nd period
0:01 of 2nd period - Boone Jenner wins face-off versus Ryan Nugent-Hopkins in neutral zone.
0:35 of 2nd period - Tyler Myers is hit by Olli Maatta.
0:41 of 2nd period - Wrist shot by Max Domi.
0:41 of 2nd period - Shot Misses the Net.
0:51 of 2nd period - Beau Bennett is hit by Nikita Zaitsev and loses puck.
1:19 of 2nd period - Brandon Carlo is hit by Gabriel Bourque and loses puck.
1:32 of 2nd period - Minor Penalty to Gabriel Bourque for Hooking.
1:33 of 2nd period - Boone Jenner wins face-off versus Logan Couture in Kraken zone.
1:50 of 2nd period - Backhand shot by Ronalds Kenins.
1:50 of 2nd period - Shot Blocked by Zach Bogosian.
2:08 of 2nd period - Wrist shot by Greg Stewart.
2:08 of 2nd period - Shot Misses the Net.
2:10 of 2nd period - Slapshot by Brandon Carlo.
2:10 of 2nd period - Shot Misses the Net.
3:32 of 2nd period - Penalty to Gabriel Bourque is over, Gabriel Bourque is back on ice.
3:34 of 2nd period - Devin Shore is hit by Gabriel Bourque and loses puck.
3:41 of 2nd period - Nikita Zaitsev is hit by Beau Bennett and loses puck.
4:02 of 2nd period - Slapshot by Oscar Sundqvist.
4:02 of 2nd period - Shot Misses the Net.
4:04 of 2nd period - Snap shot by Oscar Sundqvist.
4:04 of 2nd period - Shot Misses the Net.
4:46 of 2nd period - Icing by Tyler Myers.
4:47 of 2nd period - Boone Jenner wins face-off versus Ryan Nugent-Hopkins in Sharks zone.
4:54 of 2nd period - Snap shot by Boone Jenner.
4:54 of 2nd period - Goal by Boone Jenner - Kraken : 1 - Sharks : 2.
4:55 of 2nd period - Ryan Nugent-Hopkins wins face-off versus Boone Jenner in neutral zone.
4:58 of 2nd period - Slapshot by Zach Bogosian.
4:58 of 2nd period - Shot Misses the Net.
5:00 of 2nd period - Snap shot by Marcus Johansson.
5:00 of 2nd period - Stopped by Philipp Grubauer without a rebound.
5:01 of 2nd period - Ryan Nugent-Hopkins wins face-off versus Boone Jenner in Sharks zone.
5:02 of 2nd period - Wrist shot by Brendan Gallagher.
5:02 of 2nd period - Shot Blocked by Brandon Carlo.
5:04 of 2nd period - Slapshot by Erik Gudbranson.
5:04 of 2nd period - Stopped by Philipp Grubauer with a rebound.
5:06 of 2nd period - Snap shot by Ryan Nugent-Hopkins.
5:06 of 2nd period - Stopped by Philipp Grubauer with a rebound.
5:08 of 2nd period - Slapshot by Zach Bogosian.
5:08 of 2nd period - Stopped by Philipp Grubauer without a rebound.
5:08 of 2nd period - Minor Penalty to Philipp Grubauer for Delaying the game.
5:09 of 2nd period - Max Domi wins face-off versus Ryan Nugent-Hopkins in Sharks zone.
5:18 of 2nd period - Snap shot by Zach Bogosian.
5:18 of 2nd period - Goal by Zach Bogosian - Kraken : 2 - Sharks : 2.
5:19 of 2nd period - Boone Jenner wins face-off versus Ryan Nugent-Hopkins in neutral zone.
5:21 of 2nd period - Minor Penalty to Conor Sheary for Cross-checking.
5:22 of 2nd period - Max Domi wins face-off versus Ryan Nugent-Hopkins in Sharks zone.
7:21 of 2nd period - Penalty to Conor Sheary is over, Conor Sheary is back on ice.
7:49 of 2nd period - Jalen Chatfield is hit by Ronalds Kenins and loses puck.
9:03 of 2nd period - Mike Lundin is hit by JT Compher and loses puck.
9:47 of 2nd period - Minor Penalty to Gabriel Bourque for Slashing.
9:48 of 2nd period - Boone Jenner wins face-off versus Logan Couture in Kraken zone.
9:56 of 2nd period - Wrist shot by Conor Sheary.
9:56 of 2nd period - Goal by Conor Sheary - Kraken : 2 - Sharks : 3.
9:57 of 2nd period - Boone Jenner wins face-off versus Brendan Gallagher in neutral zone.
10:04 of 2nd period - Snap shot by Conor Sheary.
10:04 of 2nd period - Shot Misses the Net.
11:20 of 2nd period - Wrist shot by Conor Sheary.
11:20 of 2nd period - Shot Misses the Net.
11:22 of 2nd period - Backhand shot by Mike Lundin.
11:22 of 2nd period - Shot Blocked by Andrei Loktionov.
11:26 of 2nd period - Snap shot by Ronalds Kenins.
11:26 of 2nd period - Shot Blocked by Olli Maatta.
11:28 of 2nd period - Slapshot by Brandon Carlo.
11:28 of 2nd period - Deflect By Tyler Bertuzzi.
11:28 of 2nd period - Stopped by Laurent Brossoit with a rebound.
11:30 of 2nd period - Snap shot by Ronalds Kenins.
11:30 of 2nd period - Stopped by Laurent Brossoit with a rebound.
11:32 of 2nd period - Wrist shot by Brandon Carlo.
11:32 of 2nd period - Stopped by Laurent Brossoit with a rebound.
11:34 of 2nd period - Snap shot by Ronalds Kenins.
11:34 of 2nd period - Shot Misses the Net.
11:36 of 2nd period - Wrist shot by Conor Sheary.
11:36 of 2nd period - Shot Misses the Net.
11:48 of 2nd period - Wrist shot by Andrei Loktionov.
11:48 of 2nd period - Shot Misses the Net.
12:00 of 2nd period - Snap shot by Boone Jenner.
12:00 of 2nd period - Stopped by Laurent Brossoit with a rebound.
12:02 of 2nd period - Snap shot by Brandon Carlo.
12:02 of 2nd period - Stopped by Laurent Brossoit without a rebound.
12:03 of 2nd period - Ryan Nugent-Hopkins wins face-off versus Max Domi in Kraken zone.
12:53 of 2nd period - Slapshot by Jamie Oleksiak.
12:53 of 2nd period - Stopped by Philipp Grubauer without a rebound.
12:54 of 2nd period - Kyle Rau wins face-off versus Oscar Sundqvist in Sharks zone.
12:55 of 2nd period - Slapshot by Zach Bogosian.
12:55 of 2nd period - Stopped by Philipp Grubauer with a rebound.
13:40 of 2nd period - Wrist shot by Ben Smith.
13:40 of 2nd period - Shot Misses the Net.
13:42 of 2nd period - Wrist shot by Devin Shore.
13:42 of 2nd period - Goal by Devin Shore - Kraken : 2 - Sharks : 4.
13:43 of 2nd period - Ryan Nugent-Hopkins wins face-off versus Max Domi in neutral zone.
13:48 of 2nd period - Wrist shot by Ryan Nugent-Hopkins.
13:48 of 2nd period - Stopped by Philipp Grubauer without a rebound.
13:49 of 2nd period - Max Domi wins face-off versus Ryan Nugent-Hopkins in Sharks zone.
14:55 of 2nd period - Icing by Andreas Martinsen.
14:56 of 2nd period - Kyle Rau wins face-off versus Oscar Sundqvist in Sharks zone.
14:57 of 2nd period - Snap shot by Gustav Nyquist.
14:57 of 2nd period - Shot Hit the Post.
15:07 of 2nd period - Snap shot by Gabriel Bourque.
15:07 of 2nd period - Shot Misses the Net.
15:09 of 2nd period - Slapshot by Gabriel Bourque.
15:09 of 2nd period - Shot Misses the Net.
15:17 of 2nd period - Minor Penalty to Mike Lundin for High sticking.
15:18 of 2nd period - Ryan Nugent-Hopkins wins face-off versus Max Domi in Sharks zone.
15:23 of 2nd period - Snap shot by Ryan Nugent-Hopkins.
15:23 of 2nd period - Stopped by Philipp Grubauer without a rebound.
15:24 of 2nd period - Ryan Nugent-Hopkins wins face-off versus Max Domi in Sharks zone.
15:35 of 2nd period - Snap shot by Brendan Gallagher.
15:35 of 2nd period - Shot Blocked by Michael Kostka.
15:37 of 2nd period - Slapshot by Erik Gudbranson.
15:37 of 2nd period - Stopped by Philipp Grubauer with a rebound.
15:51 of 2nd period - Snap shot by Brendan Gallagher.
15:51 of 2nd period - Stopped by Philipp Grubauer with a rebound.
15:53 of 2nd period - Wrist shot by Brendan Gallagher.
15:53 of 2nd period - Shot Misses the Net.
15:55 of 2nd period - Wrist shot by Brendan Gallagher.
15:55 of 2nd period - Shot Blocked by Boone Jenner.
15:57 of 2nd period - Slapshot by Erik Gudbranson.
15:57 of 2nd period - Stopped by Philipp Grubauer with a rebound.
16:09 of 2nd period - Snap shot by Marcus Johansson.
16:09 of 2nd period - Shot Blocked by Ronalds Kenins.
16:58 of 2nd period - Wrist shot by Ryan Nugent-Hopkins.
16:58 of 2nd period - Shot Misses the Net.
17:04 of 2nd period - Wrist shot by Marcus Johansson.
17:04 of 2nd period - Shot Misses the Net.
17:06 of 2nd period - Wrist shot by Ryan Nugent-Hopkins.
17:06 of 2nd period - Shot Misses the Net.
17:08 of 2nd period - Wrist shot by Brendan Gallagher.
17:08 of 2nd period - Stopped by Philipp Grubauer with a rebound.
17:17 of 2nd period - Penalty to Mike Lundin is over, Mike Lundin is back on ice.
17:44 of 2nd period - Wrist shot by Marcus Johansson.
17:44 of 2nd period - Stopped by Philipp Grubauer without a rebound.
17:45 of 2nd period - Max Domi wins face-off versus Andrei Loktionov in Sharks zone.
17:58 of 2nd period - Tyler Bertuzzi is hit by Greg Stewart and loses puck.
18:11 of 2nd period - Zach Hyman is hit by Oscar Sundqvist and loses puck.
18:33 of 2nd period - Icing by Markus Nutivaara.
18:34 of 2nd period - Devin Shore wins face-off versus Kyle Rau in Sharks zone.
18:34 of 2nd period - Devin Shore is hit by Gabriel Bourque.
19:25 of 2nd period - Snap shot by Devin Shore.
19:25 of 2nd period - Stopped by Laurent Brossoit without a rebound.
19:26 of 2nd period - Alex Tuch wins face-off versus Greg Stewart in Kraken zone.
19:39 of 2nd period - Snap shot by Tyler Bertuzzi.
19:39 of 2nd period - Stopped by Philipp Grubauer with a rebound.
19:51 of 2nd period - Wrist shot by Tyler Bertuzzi.
19:51 of 2nd period - Shot Misses the Net.
Goals for this period are 1 for Kraken vs 3 for Sharks.
Shots for this period are 15 for Kraken vs 9 for Sharks.
3rd period
0:01 of 3rd period - Ryan Nugent-Hopkins wins face-off versus Boone Jenner in neutral zone.
0:04 of 3rd period - Slapshot by Erik Gudbranson.
0:04 of 3rd period - Stopped by Philipp Grubauer with a rebound.
0:06 of 3rd period - Slapshot by Brendan Gallagher.
0:06 of 3rd period - Stopped by Philipp Grubauer without a rebound.
0:07 of 3rd period - Boone Jenner wins face-off versus Ryan Nugent-Hopkins in Sharks zone.
0:11 of 3rd period - Off-side.
0:12 of 3rd period - Ryan Nugent-Hopkins wins face-off versus Boone Jenner in neutral zone.
0:39 of 3rd period - Zach Bogosian is hit by Greg Stewart and loses puck.
0:44 of 3rd period - Snap shot by Max Domi.
0:44 of 3rd period - Shot Blocked by Erik Gudbranson.
0:46 of 3rd period - Wrist shot by Brandon Carlo.
0:46 of 3rd period - Stopped by Laurent Brossoit with a rebound.
1:14 of 3rd period - Slapshot by Tyler Bertuzzi.
1:14 of 3rd period - Stopped by Philipp Grubauer with a rebound.
1:24 of 3rd period - Slapshot by Kyle Rau.
1:24 of 3rd period - Shot Misses the Net.
1:30 of 3rd period - Slapshot by Gabriel Bourque.
1:30 of 3rd period - Shot Misses the Net.
1:54 of 3rd period - Wrist shot by Brendan Gallagher.
1:54 of 3rd period - Shot Blocked by Devin Shore.
2:18 of 3rd period - Snap shot by Beau Bennett.
2:18 of 3rd period - Stopped by Laurent Brossoit with a rebound.
2:32 of 3rd period - Slapshot by Andreas Martinsen.
2:32 of 3rd period - Shot Misses the Net.
2:55 of 3rd period - Off-side.
2:56 of 3rd period - Boone Jenner wins face-off versus Ryan Nugent-Hopkins in neutral zone.
2:59 of 3rd period - Slapshot by Ronalds Kenins.
2:59 of 3rd period - Stopped by Laurent Brossoit without a rebound.
3:00 of 3rd period - Ryan Nugent-Hopkins wins face-off versus Boone Jenner in Kraken zone.
3:57 of 3rd period - Snap shot by Jeremy Morin.
3:57 of 3rd period - Stopped by Laurent Brossoit without a rebound.
3:58 of 3rd period - Conor Sheary wins face-off versus Ryan Nugent-Hopkins in Kraken zone.
3:59 of 3rd period - Snap shot by Boone Jenner.
3:59 of 3rd period - Shot Misses the Net.
4:30 of 3rd period - Snap shot by Greg Stewart.
4:30 of 3rd period - Stopped by Laurent Brossoit without a rebound.
4:31 of 3rd period - Andrei Loktionov wins face-off versus Max Domi in Kraken zone.
4:36 of 3rd period - Michael Kostka is hit by Tyler Bertuzzi and loses puck.
4:41 of 3rd period - Snap shot by Andrei Loktionov.
4:41 of 3rd period - Stopped by Philipp Grubauer with a rebound.
4:47 of 3rd period - Slapshot by Alex Tuch.
4:47 of 3rd period - Shot Blocked by Michael Kostka.
5:01 of 3rd period - Snap shot by Tyler Myers.
5:01 of 3rd period - Deflect By Alex Tuch.
5:01 of 3rd period - Stopped by Laurent Brossoit with a rebound.
5:37 of 3rd period - Snap shot by Andrei Loktionov.
5:37 of 3rd period - Shot Misses the Net.
5:39 of 3rd period - Wrist shot by Alex Tuch.
5:39 of 3rd period - Stopped by Philipp Grubauer with a rebound.
5:41 of 3rd period - Snap shot by Alex Tuch.
5:41 of 3rd period - Shot Blocked by Ben Smith.
5:43 of 3rd period - Snap shot by Alex Tuch.
5:43 of 3rd period - Stopped by Philipp Grubauer without a rebound.
5:44 of 3rd period - Boone Jenner wins face-off versus Ryan Nugent-Hopkins in Sharks zone.
6:11 of 3rd period - Zach Bogosian is hit by Mike Lundin and loses puck.
6:38 of 3rd period - Slapshot by Kyle Rau.
6:38 of 3rd period - Stopped by Philipp Grubauer without a rebound.
6:39 of 3rd period - Kyle Rau wins face-off versus Boone Jenner in Sharks zone.
6:48 of 3rd period - Snap shot by Gabriel Bourque.
6:48 of 3rd period - Stopped by Philipp Grubauer with a rebound.
6:50 of 3rd period - Snap shot by Kyle Rau.
6:50 of 3rd period - Stopped by Philipp Grubauer with a rebound.
7:24 of 3rd period - Off-side.
7:25 of 3rd period - Max Domi wins face-off versus Ryan Nugent-Hopkins in neutral zone.
8:00 of 3rd period - Snap shot by Boone Jenner.
8:00 of 3rd period - Goal by Boone Jenner - Kraken : 2 - Sharks : 5.
8:00 of 3rd period - Ebbe Siönäs enters game.
8:01 of 3rd period - Boone Jenner wins face-off versus Ryan Nugent-Hopkins in neutral zone.
8:32 of 3rd period - Slapshot by Zach Bogosian.
8:32 of 3rd period - Stopped by Philipp Grubauer without a rebound.
8:33 of 3rd period - Andrei Loktionov wins face-off versus Max Domi in Sharks zone.
8:38 of 3rd period - Slapshot by Tyler Bertuzzi.
8:38 of 3rd period - Stopped by Philipp Grubauer with a rebound.
8:40 of 3rd period - Wrist shot by Tyler Bertuzzi.
8:40 of 3rd period - Deflect By Andrei Loktionov.
8:40 of 3rd period - Stopped by Philipp Grubauer with a rebound.
8:42 of 3rd period - Wrist shot by Alex Tuch.
8:42 of 3rd period - Shot Blocked by Tyler Myers.
8:44 of 3rd period - Wrist shot by Andrei Loktionov.
8:44 of 3rd period - Stopped by Philipp Grubauer with a rebound.
9:07 of 3rd period - Ryan Nugent-Hopkins is hit by Boone Jenner and loses puck.
10:25 of 3rd period - Snap shot by Boone Jenner.
10:25 of 3rd period - Stopped by Ebbe Siönäs with a rebound.
10:27 of 3rd period - Snap shot by Conor Sheary.
10:27 of 3rd period - Stopped by Ebbe Siönäs without a rebound.
10:28 of 3rd period - Logan Couture wins face-off versus Boone Jenner in Kraken zone.
10:35 of 3rd period - Snap shot by JT Compher.
10:35 of 3rd period - Stopped by Philipp Grubauer without a rebound.
10:36 of 3rd period - Boone Jenner wins face-off versus Logan Couture in Sharks zone.
11:30 of 3rd period - Off-side.
11:31 of 3rd period - Devin Shore wins face-off versus Ryan Nugent-Hopkins in neutral zone.
11:47 of 3rd period - Snap shot by Andreas Martinsen.
11:47 of 3rd period - Stopped by Ebbe Siönäs with a rebound.
11:49 of 3rd period - Wrist shot by Tyler Myers.
11:49 of 3rd period - Shot Misses the Net.
11:51 of 3rd period - Wrist shot by Devin Shore.
11:51 of 3rd period - Goal by Devin Shore - Kraken : 2 - Sharks : 6.
11:52 of 3rd period - Ryan Nugent-Hopkins wins face-off versus Boone Jenner in neutral zone.
12:13 of 3rd period - Boone Jenner is hit by Ryan Nugent-Hopkins and loses puck.
13:10 of 3rd period - Wrist shot by Beau Bennett.
13:10 of 3rd period - Shot Blocked by Gabriel Bourque.
13:12 of 3rd period - Wrist shot by Brandon Carlo.
13:12 of 3rd period - Stopped by Ebbe Siönäs without a rebound.
13:13 of 3rd period - Ryan Nugent-Hopkins wins face-off versus Boone Jenner in Kraken zone.
13:39 of 3rd period - Tyler Bertuzzi is hit by Max Domi.
14:01 of 3rd period - Snap shot by Zach Bogosian.
14:01 of 3rd period - Shot Misses the Net.
14:03 of 3rd period - Snap shot by Erik Gudbranson.
14:03 of 3rd period - Stopped by Philipp Grubauer without a rebound.
14:04 of 3rd period - Ronalds Kenins wins face-off versus Kyle Rau in Sharks zone.
14:04 of 3rd period - Ronalds Kenins is hit by Kyle Rau.
14:18 of 3rd period - Slapshot by Jalen Chatfield.
14:18 of 3rd period - Stopped by Philipp Grubauer with a rebound.
14:32 of 3rd period - Icing by Andreas Martinsen.
14:33 of 3rd period - Devin Shore wins face-off versus Ryan Nugent-Hopkins in Sharks zone.
14:33 of 3rd period - Devin Shore is hit by Marcus Johansson.
15:44 of 3rd period - JT Compher is hit by Vince Hinostroza and loses puck.
15:55 of 3rd period - Snap shot by Jeremy Morin.
15:55 of 3rd period - Shot Misses the Net.
16:05 of 3rd period - Slapshot by Erik Gudbranson.
16:05 of 3rd period - Shot Misses the Net.
16:07 of 3rd period - Slapshot by Ryan Nugent-Hopkins.
16:07 of 3rd period - Shot Misses the Net.
16:09 of 3rd period - Slapshot by Erik Gudbranson.
16:09 of 3rd period - Stopped by Philipp Grubauer without a rebound.
16:10 of 3rd period - Ryan Nugent-Hopkins wins face-off versus Boone Jenner in Sharks zone.
16:17 of 3rd period - Slapshot by Brandon Carlo.
16:17 of 3rd period - Shot Blocked by Marcus Johansson.
16:36 of 3rd period - Icing by Brandon Carlo.
16:37 of 3rd period - Max Domi wins face-off versus Alex Tuch in Sharks zone.
16:37 of 3rd period - Max Domi is hit by Tyler Bertuzzi.
16:48 of 3rd period - Minor Penalty to Jamie Oleksiak for Slashing.
16:49 of 3rd period - Boone Jenner wins face-off versus Logan Couture in Kraken zone.
16:55 of 3rd period - Wrist shot by Boone Jenner.
16:55 of 3rd period - Stopped by Ebbe Siönäs with a rebound.
17:25 of 3rd period - Wrist shot by Ben Smith.
17:25 of 3rd period - Deflect By Max Domi.
17:25 of 3rd period - Stopped by Ebbe Siönäs without a rebound.
17:26 of 3rd period - Logan Couture wins face-off versus Boone Jenner in Kraken zone.
17:39 of 3rd period - Mike Lundin is hit by Brendan Gallagher and loses puck.
18:32 of 3rd period - Brandon Carlo is hit by Nikita Zaitsev and loses puck.
18:48 of 3rd period - Penalty to Jamie Oleksiak is over, Jamie Oleksiak is back on ice.
19:17 of 3rd period - Minor Penalty to Andreas Martinsen for Interference.
19:18 of 3rd period - Max Domi wins face-off versus Ryan Nugent-Hopkins in Sharks zone.
19:33 of 3rd period - Icing by Erik Gudbranson.
19:34 of 3rd period - Max Domi wins face-off versus Ryan Nugent-Hopkins in Kraken zone.
19:35 of 3rd period - Snap shot by Greg Stewart.
19:35 of 3rd period - Stopped by Ebbe Siönäs without a rebound.
19:36 of 3rd period - Brendan Gallagher wins face-off versus Max Domi in Kraken zone.
19:49 of 3rd period - Snap shot by Brendan Gallagher.
19:49 of 3rd period - Shot Misses the Net.
19:51 of 3rd period - Backhand shot by Brendan Gallagher.
19:51 of 3rd period - Shot Misses the Net.
Goals for this period are 0 for Kraken vs 2 for Sharks.
Shots for this period are 17 for Kraken vs 15 for Sharks.